 Dungeon Crawl Stone Soup version 0.31.0-11-ge490571c62 (webtiles) character file.

Game seed: 11268916535126273378

51 Ashen the Sneak (level 3, -5/26 HPs)
             Began as a Gnoll Enchanter on Feb 6, 2024.
             Slain by Crazy Yiuf
             ... wielding a +4 quarterstaff of chaos
              (12 damage)
             ... on level 2 of the Dungeon.
             The game lasted 00:05:57 (2210 turns).

Ashen the Sneak (Gnoll Enchanter)                   Turns: 2210, Time: 00:05:58

Health: -5/26      AC:  4    Str:  7    XL:     3   Next: 81%
Magic:  5/9        EV: 13    Int: 14    God:
Gold:   73         SH:  0    Dex: 14    Spells: 10/12 levels left

rFire   . . .        a - +1 dagger
rCold   . . .        (no shield)
rNeg    . . .        i - +0 leather armour
rPois   .            (no helmet)
rElec   .            (no cloak)
rCorr   .            (no gloves)
SInv    .            h - +0 pair of boots
Will    .....        (no amulet)
Stlth   +++          (no ring)
HPRegen 0.24/turn    (no ring)
MPRegen 0.11/turn

%: no passive effects
@: mighty, very slightly contaminated
A: fangs 1, strong nose, distributed training
a: no special abilities


You were on level 2 of the Dungeon.
You visited 1 branch of the dungeon, and saw 2 of its levels.

You collected 73 gold pieces.

Inventory:

Hand Weapons
 a - a +1 dagger (weapon)
 l - the +6 whip "Daronusa" {antimagic, rElec rPois Will+ Dex-5}
   (You found it on level 2 of the Dungeon)

   Dex-5:     It affects your dexterity (-5).
   rElec:     It insulates you from electricity.
   rPois:     It protects you from poison Will+: It increases your willpower.
Armour
 h - a +0 pair of boots (worn)
 i - a +0 leather armour (worn)
Wands
 m - a wand of charming (2)
Scrolls
 b - a scroll of blinking {unknown}
 d - a scroll of noise {unknown}
 e - 2 scrolls of teleportation {unknown}
 g - a scroll of amnesia {unknown}
 o - 2 scrolls of identify {unknown}
 q - a scroll of enchant weapon {unknown}
Potions
 c - 2 potions of invisibility
 f - a potion of curing {unknown}
 j - a potion of enlightenment {unknown}
 k - a potion of attraction {unknown}
 n - a potion of ambrosia {unknown}
 p - 3 potions of might {unknown}


   Skills:
 + Level 1.0 Fighting
 + Level 2.7 Short Blades
 + Level 1.0 Long Blades
 + Level 1.0 Axes
 + Level 1.0 Maces & Flails
 + Level 1.0 Polearms
 + Level 1.0 Staves
 + Level 1.0 Ranged Weapons
 + Level 1.0 Throwing
 + Level 1.0 Armour
 + Level 4.6 Dodging
 + Level 6.0 Stealth
 + Level 1.0 Shields
 + Level 1.0 Unarmed Combat
 + Level 5.0 Spellcasting
 + Level 0.7 Conjurations
 + Level 5.4 Hexes
 + Level 0.7 Summonings
 + Level 0.7 Necromancy
 + Level 0.7 Translocations
 + Level 0.7 Fire Magic
 + Level 0.7 Ice Magic
 + Level 0.7 Air Magic
 + Level 0.7 Earth Magic
 + Level 0.7 Alchemy
 + Level 1.1 Invocations
 + Level 1.0 Evocations
 + Level 0.9 Shapeshifting


You had 10 spell levels left.
You knew the following spells:

 Your Spells              Type           Power      Damage    Failure   Level
a - Ensorcelled Hibernat  Hex/Ice        24%        N/A       11%         2

Your spell library contained the following spells:

 Spells                   Type           Power      Damage    Failure   Level
 Confusing Touch          Hex            18%        N/A       9%          3
 Tukima's Dance           Hex            18%        N/A       9%          3
 Dazzling Flash           Conj/Hex       24%        N/A       22%         3


Dungeon Overview and Level Annotations

Branches:
Dungeon (2/15)

Altars:
The Shining One

Annotations:
D:2 Crazy Yiuf


Innate Abilities, Weirdness & Mutations

You have very sharp teeth.
Your uncanny sense of smell can sniff out nearby items.
Your experience applies equally to all skills.


Message History

No target in view!
There is a stone staircase leading up here.
p - 3 lumpy black potions (gained 2)
There is a stone staircase leading up here.
You see here a bat skeleton.
Found a hammer.
Found a runed translucent door.
You open the door.
There is an open translucent door here.
Crazy Yiuf shouts!
Casting: Ensorcelled Hibernation (safe; 11% risk of failure)
Confirm with . or Enter, or press ? or * to list all spells.
Aiming: Ensorcelled Hibernation (safe; 11% risk of failure)
Press: ? - help, Shift-Dir - straight line, f - Crazy Yiuf
Aim: Crazy Yiuf, wielding a +4 quarterstaff of chaos and wearing a +0 cloak (chance to affect: 54%) Crazy Yiuf resists with significant effort.
Crazy Yiuf whimpers, "Shower!
Buddy disdain bush."
Crazy Yiuf hits you with a +4 quarterstaff of chaos!
You feel very mighty all of a sudden.
Casting: Ensorcelled Hibernation (safe; 11% risk of failure)
Confirm with . or Enter, or press ? or * to list all spells.
Aiming: Ensorcelled Hibernation (safe; 11% risk of failure)
Press: ? - help, Shift-Dir - straight line, f/p - Crazy Yiuf
Aim: Crazy Yiuf, wielding a +4 quarterstaff of chaos and wearing a +0 cloak (chance to affect: 54%)
You miscast Ensorcelled Hibernation.
You are very lightly contaminated with residual magic.
Nothing appears to happen.
Crazy Yiuf barely misses you.
You hit Crazy Yiuf. Your bite misses Crazy Yiuf.
Crazy Yiuf is moderately wounded.
Crazy Yiuf misses you.
You hit Crazy Yiuf.
Crazy Yiuf is heavily wounded.
You barely miss Crazy Yiuf.
Crazy Yiuf is heavily wounded.
Crazy Yiuf hits you with a +4 quarterstaff of chaos!
* * * LOW HITPOINT WARNING * * *
Unknown command.
You hit Crazy Yiuf. Your bite misses Crazy Yiuf.
Crazy Yiuf is almost dead.
Crazy Yiuf hits you with a +4 quarterstaff of chaos!
You die...

### ### #.....##........# #
#.######........####
#..........÷÷.....##
#########.........##
#.........## ###♣♣♣♣♣
#.........## ##....♣.♣♣♣#####
#.........##
#####......♣..♣#...#
#.........#
........P.♣♣♣♣.'@g.#
#.........## #####....♣♣
♣♣#..)# #.........#. ####♣♣
##### #.........#.
#.........#. ###########.
######### ######### #....# #.
#.......#####.......# #....#
#. #...................#
#....# #.
###.......#####.......###....#
#.


You could see Crazy Yiuf.

Vanquished Creatures
  A dart slug (D:1)
  8 ball pythons
  4 endoplasms
  2 giant cockroaches
  4 goblins
  4 hobgoblins
  5 kobolds
  A quokka (D:2)
  9 bats
  2 frilled lizards (D:2)
  4 rats
44 creatures vanquished.

Notes
Turn   | Place    | Note
-------+----------+-------------------------------------------
     0 | D:1      | Ashen the Gnoll Enchanter began the quest for the Orb.
     0 | D:1      | Reached XP level 1. HP: 13/13 MP: 6/6
   228 | D:1      | Reached XP level 2. HP: 19/19 MP: 7/7
   449 | D:1      | Learned a level 2 spell: Ensorcelled Hibernation
   806 | D:1      | Reached skill level 5 in Spellcasting
   806 | D:1      | Reached XP level 3. HP: 25/25 MP: 7/9
   936 | D:2      | Reached skill level 6 in Stealth
   987 | D:2      | Identified the +6 whip "Daronusa" {antimagic, rElec rPois
                  | Will+ Dex-5}
  1372 | D:2      | Reached skill level 1 in Invocations
  1869 | D:2      | Found a glowing golden altar of the Shining One.
  1951 | D:2      | Reached skill level 1 in Fighting
  1951 | D:2      | Reached skill level 1 in Long Blades
  1951 | D:2      | Reached skill level 1 in Axes
  1951 | D:2      | Reached skill level 1 in Maces & Flails
  1951 | D:2      | Reached skill level 1 in Polearms
  1951 | D:2      | Reached skill level 1 in Staves
  1951 | D:2      | Reached skill level 1 in Ranged Weapons
  1951 | D:2      | Reached skill level 1 in Throwing
  1951 | D:2      | Reached skill level 1 in Armour
  1951 | D:2      | Reached skill level 1 in Shields
  1951 | D:2      | Reached skill level 1 in Unarmed Combat
  1951 | D:2      | Reached skill level 1 in Evocations
  2198 | D:2      | Found a runed translucent door.
  2199 | D:2      | Noticed Crazy Yiuf
  2210 | D:2      | Slain by Crazy Yiuf

Illustrated notes

Levels and vault maps discovered:
D:1:      wheals_arrival_shading, layout_loops_corners
D:2:      layout_basic, basic_altar, roderic_nine_men_s_morris, minivault_25,
          uniq_crazy_yiuf_cottage

Skill      XL: |  1  2  3 |
---------------+----------+-----
Spellcasting   | 5 |  5.0
Stealth        | 6 |  6.0
Invocations    | 1 |  1.1
Fighting       | 1 |  1.0
Long Blades    | 1 |  1.0
Axes           | 1 |  1.0
Maces & Flails | 1 |  1.0
Polearms       | 1 |  1.0
Staves         | 1 |  1.0
Ranged Weapons | 1 |  1.0
Throwing       | 1 |  1.0
Armour         | 1 |  1.0
Shields        | 1 |  1.0
Unarmed Combat | 1 |  1.0
Evocations     | 1 |  1.0
Short Blades   | |  2.7
Dodging        | |  4.6
Conjurations   | |  0.7
Hexes          | |  5.4
Summonings     | |  0.7
Necromancy     | |  0.7
Translocations | |  0.7
Fire Magic     | |  0.7
Ice Magic      | |  0.7
Air Magic      | |  0.7
Earth Magic    | |  0.7
Alchemy        | |  0.7
Shapeshifting  | |  0.9

Action                     || total
---------------------------++-------
  Melee: Dagger            ||    96
         Bite              ||     8
         Punch             ||     1
   Cast: Ensorcelled Hiber ||    30
   Stab: Sleeping          ||    26
 Armour: Robe              ||    12
         Leather armour    ||    25
  Dodge: Dodged            ||    58
